 Dungeon Crawl Stone Soup version 0.28.0-53-g5a82cb258f (webtiles) character file.

Game seed: 17269026020243682017

79 Sin92 the Magician (level 4, 0/31 HPs)
             Began as a Demonspawn Hedge Wizard on July 14, 2022.
             Slain by a worm (2 damage)
             ... on level 2 of the Dungeon.
             The game lasted 00:05:11 (1883 turns).

Sin92 the Magician (Demonspawn Hedge Wizard)        Turns: 1883, Time: 00:05:12

Health: 0/31       AC:  6    Str: 10    XL:     4   Next: 17%
Magic:  4/9        EV: 12    Int: 16    God:
Gold:   41         SH:  0    Dex: 14    Spells: 5/9 levels left

rFire   . . .      SeeInvis .   a - +0 dagger
rCold   . . .      Faith    .   (no shield)
rNeg    . . .      Spirit   .   b - +0 robe
rPois   .          Reflect  .   c - +0 hat
rElec   .          Harm     .   (no cloak)
rCorr   .          Rampage  .   (no gloves)
Will    .....                   (no boots)
Stlth   ++........              (no amulet)
HPRegen 0.10/turn               g - +4 ring of protection
MPRegen 0.11/turn               (no ring)

@: no status effects
A: hooves 1
a: no special abilities


You were on level 2 of the Dungeon.
You visited 1 branch of the dungeon, and saw 2 of its levels.

You collected 41 gold pieces.

Inventory:

Hand Weapons
 a - a +0 dagger (weapon)
Missiles
 d - a throwing net
Armour
 b - a +0 robe (worn)
 c - a +0 hat (worn)
Jewellery
 g - a +4 ring of protection (left hand)
Potions
 e - a potion of magic {unknown}
 f - 3 potions of attraction {unknown}
 h - a potion of might {unknown}


   Skills:
 + Level 0.9 Fighting
 * Level 1.3 Short Blades
 + Level 2.0 Dodging
 + Level 2.1 Stealth
 * Level 3.4 Spellcasting
 + Level 1.5 Conjurations
 + Level 0.9 Hexes
 - Level 1.0 Summonings
 + Level 1.4 Translocations


You had 5 spell levels left.
You knew the following spells:

 Your Spells              Type           Power      Damage    Failure   Level
a - Magic Dart            Conj           28%        1d4       10%         1
b - Slow                  Hex            20%        N/A       12%         1
c - Blink                 Tloc           14%        N/A       14%         2

Your spell library contained the following spells:

 Spells                   Type           Power      Damage    Failure   Level
 Animate Skeleton         Necr           4%         N/A       19%         1
 Pain                     Necr           8%         1d4       19%         1
 Call Imp                 Summ           5%         N/A       19%         2
 Conjure Flame            Conj/Fire      5%         6-21      36%         3
 Mephitic Cloud           Conj/Pois/Air  4%         N/A       41%         3
 Frozen Ramparts          Ice            4%         1d2       47%         3
 Vampiric Draining        Necr           2%         2d6       47%         3
 Summon Ice Beast         Ice/Summ       4%         N/A       82%         4
 Ice Form                 Ice/Tmut       2%         N/A       87%         4


Dungeon Overview and Level Annotations

Branches:
Dungeon (2/15)

Altars:
Ashenzari


Innate Abilities, Weirdness & Mutations

You have large cloven feet.


Message History

Aim: a worm (moderately wounded, 100% to hit)
The magic dart hits the worm.
The worm is heavily wounded.
The worm bites you.
Aiming: Magic Dart (safe; 10% risk of failure)
Press: ? - help, Q - select action, (/) - cycle Shift-Dir - straight line, f/p - worm
Aim: a worm (heavily wounded, 100% to hit)
The magic dart hits the worm but does no damage.
The worm is heavily wounded.
The worm bites you.
* * * LOW HITPOINT WARNING * * *
Aiming: Magic Dart (safe; 10% risk of failure)
Press: ? - help, Q - select action, (/) - cycle Shift-Dir - straight line, f/p - worm
Aim: a worm (moderately wounded, 100% to hit)
The magic dart hits the worm.
The worm is heavily wounded.
Unknown command.
Aiming: Magic Dart (safe; 10% risk of failure)
Press: ? - help, Q - select action, (/) - cycle Shift-Dir - straight line, f/p - worm
Aim: a worm (heavily wounded, 100% to hit)
The magic dart hits the worm.
The worm is severely wounded.
The worm closely misses you.
Aiming: Magic Dart (safe; 10% risk of failure)
Press: ? - help, Q - select action, (/) - cycle Shift-Dir - straight line, f/p - worm
Aim: a worm (heavily wounded, 100% to hit)
The magic dart hits the worm.
The worm is severely wounded.
Unknown command.
You barely miss the worm.
The worm is severely wounded.
The worm bites you!
* * * LOW HITPOINT WARNING * * *
Your magical contamination has completely faded away.
You barely miss the worm. You kick the worm, but do no damage.
The worm is severely wounded.
You hit the worm.
The worm is severely wounded.
The worm bites you.
You die...

##...# ###†#..####
#...##....
#......#.###<### #
#.###..##.....##.#
#............#
##..####....!.#
.....##........#
........@†.......
.###..#w.........
#....#........
#...###.......
#..# .##.### ....
.# .# ##.. ## #
#..


You could see a worm.

Vanquished Creatures
  A gnoll (D:1)
  5 adders (D:2)
  A worm (D:2)
  3 giant cockroaches
  3 goblins
  A hobgoblin (D:1)
  A quokka (D:2)
  2 bats (D:2)
  3 frilled lizards
  3 kobolds (D:2)
  5 rats
28 creatures vanquished.

Notes
Turn   | Place    | Note
-------+----------+-------------------------------------------
     0 | D:1      | Sin92 the Demonspawn Hedge Wizard began the quest for the
                  | Orb.
     0 | D:1      | Reached XP level 1. HP: 13/13 MP: 4/4
   163 | D:1      | Learned a level 1 spell: Slow
   212 | D:1      | Reached skill level 1 in Translocations
   212 | D:1      | Gained mutation: You have large cloven feet. [demonic
                  | ancestry]
   212 | D:1      | Reached XP level 2. HP: 6/19 MP: 0/6
   466 | D:1      | Learned a level 2 spell: Blink
  1121 | D:2      | Reached XP level 3. HP: 25/25 MP: 2/7
  1206 | D:2      | Reached skill level 1 in Short Blades
  1733 | D:2      | Found a broken altar of Ashenzari.
  1770 | D:2      | Reached XP level 4. HP: 27/31 MP: 0/9
  1883 | D:2      | Slain by a worm

Illustrated notes

Levels and vault maps discovered:
D:1:      saegor_arrival_simple_b, layout_basic, grunt_decor_one_mirror,
          roderic_roman_lattice, nicolae_grassy_gnolls
D:2:      layout_loops_ring, basic_altar, kennysheep_cross_bottleneck,
          uniq_terence

Skill      XL: |  1  2  3 |
---------------+----------+-----
Translocations | 1 |  1.4
Stealth        | 2 |  2.1
Short Blades   | 1 |  1.3
Dodging        | 2 |  2.0
Fighting       | |  0.9
Spellcasting   | |  3.4
Conjurations   | |  1.5
Hexes          | |  0.9
Summonings     | |  1.0

Action                   |  1- 3 |  4- 6 || total
-------------------------+-------+-------++-------
Melee: Dagger            |    37 |    24 ||    61
       Kick              |     7 |     6 ||    13
 Cast: Magic Dart        |    54 |     5 ||    59
Armor: Robe              |    20 |    10 ||    30
Dodge: Dodged            |    23 |    12 ||    35
